 Dungeon Crawl Stone Soup version 0.18-a0-1109-gfc003ac (webtiles) character file.

30 root the Firebug (level 3, -3/26 HPs)
             Began as a Draconian Fire Elementalist on Jan 16, 2016.
             Slain by an ice beast (6 damage)
             ... on level 4 of the Dungeon.
             The game lasted 00:03:38 (489 turns).

root the Firebug (Draconian Fire Elementalist)       Turns: 489, Time: 00:03:38

Health: -3/26      AC:  5    Str: 10    XL:     3   Next: 5%
Magic:  1/6        EV: 12    Int: 16    God:
Gold:   23         SH:  0    Dex: 11    Spells: 2 memorised, 2 levels left

rFire  . . .     SeeInvis .     (no weapon)
rCold  . . .     Gourm    .     (armour unavailable)
rNeg   . . .     Faith    .     (no shield)
rPois  .         Spirit   .     d - +0 hat
rElec  .         Dismiss  .     (no cloak)
rCorr  .         Reflect  .     (no gloves)
SustAt .         Harm     .     (no boots)
MR     .....                    (no amulet)
Stlth  ++........               (no ring)
                                (no ring)

@: slowed, very slow, not resistant to hostile enchantments, unstealthy
A: unfitting armour, cold-blooded, AC +5
a: no special abilities


You were on level 4 of the Dungeon.
You were not hungry.

You visited 1 branch of the dungeon, and saw 5 of its levels.

You collected 23 gold pieces.

Inventory:

Armour
 d - a +0 hat (worn)
Jewellery
 f - an uncursed ring of resist corrosion {unknown}
Scrolls
 g - 2 scrolls of immolation {unknown}
 h - a scroll of blinking {unknown}
 i - 2 scrolls of identify {unknown}
Potions
 e - a potion of brilliance {unknown}
 j - 2 potions of lignification {unknown}
 k - a potion of might {unknown}
Books
 a - a book of Flames

   Spells                             Type                      Level
   a - Flame Tongue                   Conjuration/Fire             1
   b - Throw Flame                    Conjuration/Fire             2
   c - Conjure Flame                  Conjuration/Fire             3
   d - Inner Flame                    Hexes/Fire                   3
   e - Sticky Flame                   Conjuration/Fire             4
   f - Fireball                       Conjuration/Fire             5
Comestibles
 b - a bread ration
 c - a chunk of flesh


   Skills:
 + Level 1.8 Dodging
 - Level 1.7 Stealth
 + Level 2.1 Spellcasting
 * Level 1.3 Conjurations
 * Level 3.9 Fire Magic


You had 2 spell levels left.
You knew the following spells:

 Your Spells              Type           Power        Failure   Level  Hunger
a - Flame Tongue          Conj/Fire      ##...        10%         1    #......
b - Conjure Flame         Conj/Fire      ##......     21%         3    ###....


Dungeon Overview and Level Annotations

Branches:
Dungeon (5/15)
 Temple: D:4-7

Altars:


Innate Abilities, Weirdness & Mutations

Your plain brown scales are hard (AC +5).
Your body does not fit into most forms of armour.
You are cold-blooded and may be slowed by cold attacks.


Message History

Confirm with . or Enter, or press ? or * to list all spells.
Aiming: Flame Tongue
Press: ? - help, Shift-Dir - straight line, f/p - ice beast
Aim: an ice beast (lightly wounded)
The flame tongue hits the ice beast.
The ice beast is lightly wounded.
The ice beast closely misses you.
Casting: Flame Tongue
Confirm with . or Enter, or press ? or * to list all spells.
Aiming: Flame Tongue
Press: ? - help, Shift-Dir - straight line, f/p - ice beast
Aim: an ice beast (lightly wounded)
The flame tongue hits the ice beast.
The ice beast melts!
The ice beast is moderately wounded.
The ice beast misses you. The ice beast closely misses you.
The ice beast hits you.
* * * LOW HITPOINT WARNING * * *
The ice beast freezes you.
You feel yourself slow down.
You die...

...#
..........#.###.###.......
...# ##.h....#..##.#
#....... ...#
#####......##.##.#
#....... ...#
#..........##.##.#
######## ...#
#.......#####.##.# #.##
+.......#####.##.# #.#
#................#
#.###.###+#+########.#.###
.)....# #..@........#
(..##.# #.Y.......#.###
....# #.........(...#
....# #.......#>....#
..#.# #########.....#
###.# #.....# ..#.#
##....# #.# ....# # #####


You could see an ice beast.

Vanquished Creatures
  A worker ant (D:4)
  A giant gecko (D:2)
  A giant cockroach (D:4)
  A goblin (D:2)
  A giant newt (D:2)
  3 kobolds
  A rat (D:2)
9 creatures vanquished.

Notes
Turn   | Place    | Note
--------------------------------------------------------------
     0 | D:1      | root the Draconian Fire Elementalist began the quest for the Orb.
     0 | D:1      | Reached XP level 1. HP: 14/14 MP: 3/3
   337 | D:4      | Reached XP level 2. HP: 20/20 MP: 3/5
   415 | D:4      | Reached XP level 3. HP: 26/26 MP: 1/6
   467 | D:4      | Learned a level 3 spell: Conjure Flame
   469 | D:5      | Entered Level 5 of the Dungeon
   469 | D:5      | Noticed an ice beast
   489 | D:4      | Slain by an ice beast

Vault maps used:
D:1:      lemuel_arrival_cross
D:2:      first_bread
D:3:      minmay_rats_cheesy_pizza, uniq_terence
D:4:      hangedman_decor_peaks_small, minmay_misc_feat_roman, uniq_sigmund
D:5:      makhleb_heckhound_becter, minmay_temple_entry_trees,
          minmay_misc_feat_doors, lightli_church_of_beogh, uniq_prince_ribbit1,
          uniq_edmund

Action                   || total
-------------------------++-------
 Cast: Flame Tongue      ||    23
